 Dungeon Crawl Stone Soup version 0.20.0-15-g7f486f2 (webtiles) character file.

348 TheBoneZone the Slasher (level 6, -2/61 HPs)
             Began as a Troll Fighter on June 13, 2017.
             Slain by Eustachio
             ... wielding a +0 rapier
              (7 damage)
             ... on level 4 of the Dungeon.
             The game lasted 00:12:13 (2271 turns).

TheBoneZone the Slasher (Troll Fighter)             Turns: 2271, Time: 00:12:14

Health: -2/61      AC:  5    Str: 25      XL:     6   Next: 33%
Magic:  5/5        EV: 10    Int:  4      God:
Gold:   216        SH:  0    Dex:  7 (11) Spells: 5/5 levels left

rFire    . . .     SeeInvis .   s - +0 great sword
rCold    . . .     Gourm    +   (shield currently unavailable)
rNeg     . . .     Faith    .   b - +0 robe
rPois    .         Spirit   .   (helmet restricted)
rElec    .         Reflect  .   (no cloak)
rCorr    .         Harm     .   (gloves unavailable)
MR       .....                  (boots unavailable)
Stlth    +.........             (no amulet)
Regen    0.6/turn               (no ring)
MPRegen  0.1/turn               (no ring)

@: no status effects
A: unfitting armour, claws 3, fast metabolism 3, gourmand, regeneration 1,
shaggy fur 1, tough skin 2
a: no special abilities


You were on level 4 of the Dungeon.
You were not hungry.

You visited 1 branch of the dungeon, and saw 4 of its levels.

You collected 216 gold pieces.

Inventory:

Hand Weapons
 a - a +0 long sword
 s - a +0 great sword (weapon)
Armour
 b - a +0 robe (worn)
 c - a +0 shield
 o - a +2 pair of boots
 v - a +0 helmet
Scrolls
 e - a scroll of teleportation
 g - 2 scrolls of recharging
 h - a scroll of amnesia
 i - 2 scrolls of remove curse
 q - a scroll of identify
 r - a scroll of immolation {unknown}
Potions
 d - a potion of might
 j - a potion of ambrosia
 k - a potion of flight {unknown}
 m - a potion of haste {unknown}
 n - a potion of lignification {unknown}
 p - a potion of curing {unknown}
Books
 t - a book of Conjurations

   Spells                             Type                      Level
   a - Magic Dart                     Conjuration                  1
   b - Searing Ray                    Conjuration                  2
   c - Dazzling Spray                 Conjuration/Hexes            3
   d - Fulminant Prism                Conjuration/Hexes            4
   e - Force Lance                    Conjuration/Translocation    4
   f - Iskenderun's Mystic Blast      Conjuration                  4
Comestibles
 f - 3 bread rations
 l - 4 fruits
 u - a royal jelly


   Skills:
 + Level 3.3 Fighting
 + Level 3.6 Long Blades
 + Level 3.3 Dodging
 + Level 0.5 Stealth
 + Level 3.3 Shields


You had 5 spell levels left.
You didn't know any spells.

Dungeon Overview and Level Annotations

Branches:
Dungeon (4/15)             Temple (0/1) D:4

Altars:
Qazlal

Annotations:
D:4 Eustachio


Innate Abilities, Weirdness & Mutations

You are too large for most types of armour.
You have claws for hands.
Your metabolism is lightning-fast.
You like to eat raw meat.
Your natural rate of healing is unusually fast.
You are covered in fur. (AC +1)
You have very tough skin. (AC +2)


Message History

Eustachio is heavily wounded.
Eustachio hits you with a rapier.
* * * LOW HITPOINT WARNING * * *
You miss Eustachio.
Eustachio is heavily wounded.
Eustachio hits you with a rapier.
* * * LOW HITPOINT WARNING * * *
You barely miss Eustachio.
Eustachio is heavily wounded.
Eustachio barely misses you.
Eustachio gestures wildly while chanting.
You slash Eustachio!
Eustachio is severely wounded.
The bat hits you but does no damage. x2; Eustachio hits you with a rapier.
* * * LOW HITPOINT WARNING * * *
You hit the bat.
You kill the bat!
The bat's corpse disappears in a puff of smoke!
Eustachio hits you but does no damage. Eustachio hits you with a rapier!
You die...

....## #.# .##.# #.#
.##.####.# # .........# ..
+##......# .P.
..†..###.##### .>..
.....'.......# ####.P.P. #
.....###.###.# #@§.........
########..##.###@#####..###
......................
####..#.#.#.#####..#.. ###
##.#.#.#.# #
##...###.#.#.#.#
........5.@#.#.#
.......5...#.#.#
.....5.....#.#.#
...?....[..#.#.#


You could see Eustachio.

Vanquished Creatures
  The ghost of NoAnimeNoLife the Cudgeler, an amateur DsFi (D:3)
  An orc priest (D:3)
  Jessica (D:3)
  An iguana (D:4)
  A worker ant (D:4)
  5 adders
  3 gnolls (D:2)
  2 worms (D:3)
  5 dart slugs
  5 leopard geckos
  3 orcs (D:3)
  4 giant cockroaches
  6 goblins
  5 hobgoblins
  6 jackals
  2 quokkas
  6 bats
  6 frilled lizards
  6 kobolds
  6 rats
75 creatures vanquished.

Notes
Turn   | Place    | Note
-------+----------+-------------------------------------------
     0 | D:1      | TheBoneZone the Troll Fighter began the quest for the Orb.
     0 | D:1      | Reached XP level 1. HP: 22/22 MP: 0/0
   232 | D:1      | Reached XP level 2. HP: 29/29 MP: 1/1
   795 | D:2      | Reached XP level 3. HP: 36/36 MP: 2/2
  1060 | D:2      | Reached XP level 4. HP: 44/44 MP: 3/3
  1532 | D:3      | Noticed Jessica
  1538 | D:3      | Reached XP level 5. HP: 40/53 MP: 4/4
  1554 | D:3      | Killed Jessica
  1576 | D:3      | Noticed NoAnimeNoLife's ghost (amateur DsFi)
  1682 | D:3      | Killed NoAnimeNoLife's ghost
  1692 | D:3      | Reached XP level 6. HP: 29/61 MP: 5/5
  1786 | D:3      | Found a stormy altar of Qazlal.
  2211 | D:4      | Noticed Eustachio
  2249 | D:4      | Found a staircase to the Ecumenical Temple.
  2271 | D:4      | Slain by Eustachio

Skill      XL: |  1  2  3  4  5 |
---------------+----------------+-----
Long Blades    | 2 3 |  3.6
Shields        | 3 |  3.3
Fighting       | 3 |  3.3
Dodging        | 3 |  3.3
Stealth        | |  0.5

Action                   |  1- 3 |  4- 6 || total
-------------------------+-------+-------++-------
Melee: Long sword        |    91 |   129 ||   220
       Great sword       |       |    79 ||    79
  Use: Scroll            |     6 |       ||     6
 Stab: Sleeping          |       |     2 ||     2
  Eat: Chunk             |    11 |    12 ||    23
Armor: Robe              |    37 |    97 ||   134
Dodge: Dodged            |    34 |   130 ||   164
Block: Shield            |    43 |    61 ||   104
       Rpst.: Long sword |    10 |    13 ||    23
       Great sword       |       |    21 ||    21
